 Dungeon Crawl Stone Soup version 0.28.0-43-g3370ac3207 (webtiles) character file.

Game seed: 18389039197570229787

2 jimonade the Prestidigitator (level 1, 0/13 HPs)
             Began as a Gnoll Wanderer on Mar 15, 2022.
             Slain by a quokka (4 damage)
             ... on level 1 of the Dungeon.
             The game lasted 00:01:17 (52 turns).

jimonade the Prestidigitator (Gnoll Wanderer)         Turns: 52, Time: 00:01:18

Health: 0/13       AC:  2    Str: 10    XL:     1   Next: 30%
Magic:  6/6        EV: 11    Int: 14    God:
Gold:   22         SH:  0    Dex:  9    Spells: 9/9 levels left

rFire   . . .      SeeInvis .   a - +0 club
rCold   . . .      Faith    .   (no shield)
rNeg    . . .      Spirit   .   c - +0 robe
rPois   .          Reflect  .   (no helmet)
rElec   .          Harm     .   (no cloak)
rCorr   .          Rampage  .   (no gloves)
Will    .....                   (no boots)
Stlth   +.........              (no amulet)
HPRegen 0.04/turn               (no ring)
MPRegen 0.10/turn               (no ring)

@: no status effects
A: fangs 1, strong nose, distributed training
a: no special abilities


You were on level 1 of the Dungeon.
You visited 1 branch of the dungeon, and saw 1 of its levels.

You collected 22 gold pieces.

Inventory:

Hand Weapons
 a - a +0 club (weapon)
Armour
 c - a +0 robe (worn)
Scrolls
 b - a scroll of vulnerability
Potions
 e - a potion of flight {unknown}
Miscellaneous
 d - a condenser vane (inert) (quivered)


   Skills:
 + Level 0.0 Fighting
 + Level 0.0 Short Blades
 + Level 0.0 Long Blades
 + Level 0.0 Axes
 + Level 0.0 Maces & Flails
 + Level 0.0 Polearms
 + Level 0.0 Staves
 + Level 0.0 Slings
 + Level 0.0 Bows
 + Level 0.0 Crossbows
 + Level 0.0 Throwing
 + Level 0.0 Armour
 + Level 0.0 Dodging
 + Level 0.0 Stealth
 + Level 0.0 Shields
 + Level 0.0 Unarmed Combat
 + Level 4.8 Spellcasting
 + Level 0.0 Conjurations
 + Level 0.0 Hexes
 + Level 0.0 Summonings
 + Level 0.0 Necromancy
 + Level 0.0 Translocations
 + Level 0.0 Transmutations
 + Level 0.0 Fire Magic
 + Level 0.0 Ice Magic
 + Level 3.6 Air Magic
 + Level 0.0 Earth Magic
 + Level 0.0 Poison Magic
 + Level 4.4 Invocations
 + Level 8.4 Evocations


You had 9 spell levels left.
You didn't know any spells.
Your spell library contained the following spells:

 Spells                   Type           Power      Damage    Failure   Level
 Corpse Rot               Necr/Air       16%        N/A       13%         2
 Static Discharge         Conj/Air       8%         N/A       13%         2


Dungeon Overview and Level Annotations

Branches:
Dungeon (1/15)

Altars:


Innate Abilities, Weirdness & Mutations

You have very sharp teeth.
Your uncanny sense of smell can sniff out nearby items.
Your experience applies equally to all skills.


Message History

Found 13 gold pieces.
The hobgoblin shouts!
A frilled lizard comes into view.
Clouds of acidic fog condense around you!
The condenser dries out!
The frilled lizard is engulfed in acidic fog.
The acid corrodes the frilled lizard!
You kill the frilled lizard!
The hobgoblin is engulfed in acidic fog.
The acid corrodes the hobgoblin!
You kill the hobgoblin!
There is an open door here.
There is an open door here.
A quokka comes into view.
You see here 13 gold pieces.
The condenser vane is presently inert.
The condenser vane is presently inert.
The condenser vane is presently inert.
You now have 22 gold pieces (gained 13).
Okay, then.
You don't know any spells.
Okay, then.
Unknown command.
Unknown command.
You barely miss the quokka. The quokka bites you. The quokka barely misses you.
You barely miss the quokka. The quokka bites you.
You hit the quokka.
The quokka is moderately wounded.
The quokka bites you. The quokka barely misses you.
You barely miss the quokka. Your bite misses the quokka.
The quokka is moderately wounded.
The quokka misses you.
The quokka bites you but does no damage.
You closely miss the quokka.
The quokka is moderately wounded.
The quokka bites you.
You hit the quokka.
The quokka is almost dead.
The quokka barely misses you. The quokka bites you.
You die...

... ##.## .... ... # ...#
#..# #.# .. #..# ... #.#
#. #..# #.# #.# #. #..#
#.######.######.
#.###..####...............
#........##......#......#
#........'....@r....#
##.......##.###..#.##
####.......##.# #..#.#
...........#..........
.######+####......##.## .#
#......##.# '# #......##.#
.#### #......##.# .#..##


You could see a quokka.

Vanquished Creatures
  A hobgoblin (D:1)
  A frilled lizard (D:1)
2 creatures vanquished.

Notes
Turn   | Place    | Note
-------+----------+-------------------------------------------
     0 | D:1      | jimonade the Gnoll Wanderer began the quest for the Orb.
     0 | D:1      | jimonade set off with the following items: a +0 club, a
                  | scroll of vulnerability, a +0 robe, a condenser vane; and
                  | the following spells available to memorise: Corpse Rot,
                  | Static Discharge
     0 | D:1      | Reached XP level 1. HP: 13/13 MP: 6/6
    52 | D:1      | Slain by a quokka

Illustrated notes

Levels and vault maps discovered:
D:1:      nzn_arrival_crosshair, layout_basic, chequers_arboretum,
          amcnicky_mini_corridor_feature

Action                   || total
-------------------------++-------
Melee: Club              ||     6
Evoke: Condenser vane    ||     1
Armor: Robe              ||     1
Dodge: Dodged            ||     4
